BR
GRAND RAPIDS DUTCH OVENS @ SANTA CLARITA MUSIC
09/08/2027
 
TOP OF THE 1ST
Grand Rapids Dutch Ovens batting - Pitching for Santa Clarita Music : LHP Pedro Beleza
Pitching: LHP Pedro Beleza
Batting: RHB José Wills 0-0: Foul Ball, location: 2F
0-1: Ball
1-1: Ball
2-1: Ball
3-1: Swinging Strike
3-2: Base on Balls
Batting: RHB Ray Bray 0-0: Called Strike
0-1: Ball
1-1: Ball
2-1: Ball
3-1: Swinging Strike
3-2: Strikes out swinging
Batting: RHB Tim Lee 0-0: Fly out, F9 (Flyball, 9LSF)
Batting: LHB Luis Salazar 0-0: Called Strike
0-1: Ball
1-1: Ball
2-1: Foul Ball, location: 2F
2-2: SINGLE (Groundball, 6MD)
José Wills to second
Batting: RHB William Todd 0-0: Ball
1-0: Swinging Strike
1-1: Fielders Choice at 2nd, 6-4 (Groundball, 6)
Top of the 1st over - 0 run(s), 1 hit(s), 0 error(s), 1 left on base; Grand Rapids 0 - Santa Clarita 0
BOTTOM OF THE 1ST
Santa Clarita Music batting - Pitching for Grand Rapids Dutch Ovens : LHP Jorge Luna
Pitching: LHP Jorge Luna
Batting: SHB Robbie Rhodes 0-0: Ball
1-0: Foul Ball, location: 2F
1-1: Swinging Strike
1-2: Foul Ball, location: 2F
1-2: Foul Ball, location: 2F
1-2: Foul Ball, location: 2F
1-2: Fly out, F9 (Line Drive, 9)
Batting: RHB Juan Morales 0-0: Ball
1-0: Called Strike
1-1: Ball
2-1: Swinging Strike
2-2: Ball
3-2: Strikes out swinging
Batting: RHB Justin Geoghegan 0-0: Ball
1-0: Ball
2-0: Ball
3-0: Called Strike
3-1: Base on Balls
Batting: LHB José Domínguez 0-0: Ball
1-0: Swinging Strike
1-1: Called Strike
1-2: Ball
2-2: Strikes out swinging
Bottom of the 1st over - 0 run(s), 0 hit(s), 0 error(s), 1 left on base; Grand Rapids 0 - Santa Clarita 0
TOP OF THE 2ND
Grand Rapids Dutch Ovens batting - Pitching for Santa Clarita Music : LHP Pedro Beleza
Batting: LHB Félix Costa 0-0: Fly out, F4 (Line Drive, 34)
Batting: LHB Lee Jenkins 0-0: Ball
1-0: Ball
2-0: Ground out 4-3 (Groundball, 4)
Batting: SHB Víctor Torres 0-0: Swinging Strike
0-1: Called Strike
0-2: Ball
1-2: Foul Ball, location: 2F
1-2: Strikes out swinging
Top of the 2nd over - 0 run(s), 0 hit(s), 0 error(s), 0 left on base; Grand Rapids 0 - Santa Clarita 0
BOTTOM OF THE 2ND
Santa Clarita Music batting - Pitching for Grand Rapids Dutch Ovens : LHP Jorge Luna
Batting: SHB Mathew Olson 0-0: Called Strike
0-1: Ball
1-1: Ball
2-1: Foul Ball, location: 2F
2-2: Ball
3-2: Strikes out swinging
Batting: RHB António Martínez 0-0: Called Strike
0-1: Foul Ball, location: 2F
0-2: Ball
1-2: Foul Ball, location: 2F
1-2: Ball
2-2: Fly out, F4 (Popup, 4D)
Batting: RHB Greg Grant 0-0: Ball
1-0: Called Strike
1-1: Foul Ball, location: 2F
1-2: Foul Ball, location: 2F
1-2: Foul Ball, location: 2F
1-2: Ball
2-2: Strikes out swinging
Bottom of the 2nd over - 0 run(s), 0 hit(s), 0 error(s), 0 left on base; Grand Rapids 0 - Santa Clarita 0
TOP OF THE 3RD
Grand Rapids Dutch Ovens batting - Pitching for Santa Clarita Music : LHP Pedro Beleza
Batting: RHB Takuro Okawa 0-0: Ball
1-0: Ball
2-0: Ball
3-0: Called Strike
3-1: Foul Ball, location: 2F
3-2: Ground out 6-3 (Groundball, 6)
Batting: RHB José Wills 0-0: Swinging Strike
0-1: Fly out, F8 (Flyball, 78M)
Batting: RHB Ray Bray 0-0: Called Strike
0-1: SINGLE (Line Drive, 5)
Batting: RHB Tim Lee 0-0: SINGLE (Groundball, 6MD)
Ray Bray to second
Batting: LHB Luis Salazar 0-0: Ball
1-0: Ball
Wild Pitch!
Ray Bray to third
Tim Lee to second
2-0: Foul Ball, location: 2F
2-1: Foul Ball, location: 2F
2-2: Ball
3-2: Fly out, F7 (Flyball, 7S)
Top of the 3rd over - 0 run(s), 2 hit(s), 0 error(s), 2 left on base; Grand Rapids 0 - Santa Clarita 0
BOTTOM OF THE 3RD
Santa Clarita Music batting - Pitching for Grand Rapids Dutch Ovens : LHP Jorge Luna
Batting: LHB Francisco Blanco 0-0: Fly out, F8 (Flyball, 8RM)
Batting: RHB Tony Collier 0-0: Ball
1-0: Ground out 6-3 (Groundball, 6)
Batting: SHB Robbie Rhodes 0-0: Ball
1-0: Called Strike
1-1: Foul Ball, location: 2F
1-2: Ball
2-2: Ball
3-2: Foul Ball, location: 2F
3-2: Strikes out swinging
Bottom of the 3rd over - 0 run(s), 0 hit(s), 0 error(s), 0 left on base; Grand Rapids 0 - Santa Clarita 0
TOP OF THE 4TH
Grand Rapids Dutch Ovens batting - Pitching for Santa Clarita Music : LHP Pedro Beleza
Batting: RHB William Todd 0-0: Foul Ball, location: 2F
0-1: Ball
1-1: Swinging Strike
1-2: Foul Ball, location: 2F
1-2: Ground out 5-3 (Groundball, 5)
Batting: LHB Félix Costa 0-0: Swinging Strike
0-1: Called Strike
0-2: Ground out U3 (Groundball, 34)
Batting: LHB Lee Jenkins 0-0: Ball
1-0: Called Strike
1-1: Foul Ball, location: 2F
1-2: Ground out U3 (Groundball, 3)
Top of the 4th over - 0 run(s), 0 hit(s), 0 error(s), 0 left on base; Grand Rapids 0 - Santa Clarita 0
BOTTOM OF THE 4TH
Santa Clarita Music batting - Pitching for Grand Rapids Dutch Ovens : LHP Jorge Luna
Batting: RHB Juan Morales 0-0: TRIPLE (Line Drive, 8RD)
Batting: RHB Justin Geoghegan 0-0: Called Strike
0-1: Ball
1-1: Called Strike
1-2: Strikes out swinging
Batting: LHB José Domínguez 0-0: Reached on error, E4 (Groundball, 4)
Juan Morales scores
Batting: SHB Mathew Olson 0-0: Called Strike
0-1: Ball
1-1: Foul Ball, location: 2F
1-2: Ball
2-2: Fly out, F8 (Flyball, 8LM)
Batting: RHB António Martínez 0-0: Swinging Strike
0-1: Ball
1-1: Called Strike
1-2: Ball
2-2: Ball
3-2: Fly out, F3 (Popup, 3S)
Bottom of the 4th over - 1 run(s), 1 hit(s), 1 error(s), 1 left on base; Grand Rapids 0 - Santa Clarita 1
TOP OF THE 5TH
Grand Rapids Dutch Ovens batting - Pitching for Santa Clarita Music : LHP Pedro Beleza
Batting: SHB Víctor Torres 0-0: Ball
1-0: Called Strike
1-1: Foul Ball, location: 2F
1-2: Foul Ball, location: 2F
1-2: Foul Ball, location: 2F
1-2: Ball
2-2: Foul Ball, location: 2F
2-2: Strikes out swinging
Batting: RHB Takuro Okawa 0-0: Foul Ball, location: 2F
0-1: Ball
1-1: Swinging Strike
1-2: Ball
2-2: Ground out 6-3 (Groundball, 6)
Batting: RHB José Wills 0-0: Ball
1-0: Foul Ball, location: 2F
1-1: Ball
2-1: DOUBLE (Flyball, 8RM)
Batting: RHB Ray Bray 0-0: Fly out, F6 (Popup, 56)
Top of the 5th over - 0 run(s), 1 hit(s), 0 error(s), 1 left on base; Grand Rapids 0 - Santa Clarita 1
BOTTOM OF THE 5TH
Santa Clarita Music batting - Pitching for Grand Rapids Dutch Ovens : LHP Jorge Luna
Batting: RHB Greg Grant 0-0: Ball
1-0: Called Strike
1-1: Foul Ball, location: 2F
1-2: Ball
2-2: Strikes out swinging
Batting: LHB Francisco Blanco 0-0: Ball
1-0: Ball
2-0: Foul Ball, location: 2F
2-1: Ground out 4-3 (Groundball, 4MS)
Batting: RHB Tony Collier 0-0: Ground out 1-3 (Groundball, 13S)
Bottom of the 5th over - 0 run(s), 0 hit(s), 0 error(s), 0 left on base; Grand Rapids 0 - Santa Clarita 1
TOP OF THE 6TH
Grand Rapids Dutch Ovens batting - Pitching for Santa Clarita Music : LHP Pedro Beleza
Batting: RHB Tim Lee 0-0: Foul Ball, location: 2F
0-1: Swinging Strike
0-2: Ball
1-2: Strikes out looking
Pitching: RHP Pat Hardy
Batting: LHB Luis Salazar 0-0: Called Strike
0-1: Ball
1-1: SINGLE (Flyball, 78S)
Batting: RHB William Todd 0-0: Ball
1-0: Swinging Strike
1-1: Fly out, F4 (Popup, 4)
Batting: LHB Félix Costa 0-0: Called Strike
0-1: Foul Ball, location: 2F
0-2: Strikes out looking
Top of the 6th over - 0 run(s), 1 hit(s), 0 error(s), 1 left on base; Grand Rapids 0 - Santa Clarita 1
BOTTOM OF THE 6TH
Santa Clarita Music batting - Pitching for Grand Rapids Dutch Ovens : LHP Jorge Luna
Pitching: RHP Jeffery Dillon
Batting: SHB Robbie Rhodes 0-0: Ball
1-0: Ball
2-0: Ball
3-0: Called Strike
3-1: Swinging Strike
3-2: Strikes out swinging
Batting: RHB Juan Morales 0-0: Ball
1-0: Foul Ball, location: 2F
1-1: Ball
2-1: Ground out 5-3 (Groundball, 5S)
Batting: RHB Justin Geoghegan 0-0: Ball
1-0: Foul Ball, location: 2F
1-1: Foul Ball, location: 2F
1-2: Ball
2-2: Ball
3-2: Ground out 5-3 (Groundball, 5)
Bottom of the 6th over - 0 run(s), 0 hit(s), 0 error(s), 0 left on base; Grand Rapids 0 - Santa Clarita 1
TOP OF THE 7TH
Grand Rapids Dutch Ovens batting - Pitching for Santa Clarita Music : RHP Pat Hardy
Batting: LHB Lee Jenkins 0-0: Ball
1-0: Ball
2-0: Foul Ball, location: 2F
2-1: Called Strike
2-2: Ball
3-2: Base on Balls
Batting: SHB Víctor Torres 0-0: Bunted foul
0-1: Bunted foul
0-2: Foul Ball, location: 2F
0-2: Strikes out swinging
Pinch Hitting: RHB Manuel Flores 0-0: Ball
1-0: Called Strike
1-1: Ball
2-1: Ground out U3 (Groundball, 34S)
Lee Jenkins to second
Batting: RHB José Wills 0-0: Ball
1-0: Foul Ball, location: 2F
1-1: Foul Ball, location: 2F
1-2: Hit by Pitch
Batting: RHB Ray Bray 0-0: Fielders Choice at 2nd, 6-4 (Groundball, 56)
Top of the 7th over - 0 run(s), 0 hit(s), 0 error(s), 1 left on base; Grand Rapids 0 - Santa Clarita 1
BOTTOM OF THE 7TH
Santa Clarita Music batting - Pitching for Grand Rapids Dutch Ovens : RHP Jeffery Dillon
Now in LF: António Aguilera
Batting: LHB José Domínguez 0-0: Ball
1-0: SINGLE (Groundball, 3D)
Pinch Hitting: LHB Héctor Santos 0-0: Ball
1-0: Fly out, F5 (Line Drive, 56)
Batting: RHB António Martínez 0-0: Called Strike
0-1: Ball
1-1: Ball
2-1: Swinging Strike
2-2: Ball
3-2: Foul Ball, location: 2F
3-2: Foul Ball, location: 2F
3-2: Fly out, F4 (Line Drive, 4M)
Pinch Hitting: RHB Rickey Núñez 0-0: Ball
1-0: Ball
2-0: Fly out, F4 (Popup, 4D)
Bottom of the 7th over - 0 run(s), 1 hit(s), 0 error(s), 1 left on base; Grand Rapids 0 - Santa Clarita 1
TOP OF THE 8TH
Grand Rapids Dutch Ovens batting - Pitching for Santa Clarita Music : RHP Pat Hardy
Pitching: RHP John Gill
Now at 1B: Stan Gómez
Now at 2B: Jesús Morales
Batting: RHB Tim Lee 0-0: Called Strike
0-1: Fly out, F9 (Line Drive, 9)
Batting: LHB Luis Salazar 0-0: Ball
1-0: Ball
2-0: Foul Ball, location: 2F
2-1: Called Strike
2-2: Ball
3-2: Ground out 6-3 (Groundball, 6)
Batting: RHB William Todd 0-0: Called Strike
0-1: Ball
1-1: SOLO HOME RUN (Flyball, 7D), Distance : 401 ft
Batting: LHB Félix Costa 0-0: Called Strike
0-1: Ball
1-1: Ball
2-1: Ball
3-1: Foul Ball, location: 2F
3-2: Foul Ball, location: 2F
3-2: Foul Ball, location: 2F
3-2: Foul Ball, location: 2F
3-2: Base on Balls
Pinch Hitting: LHB David Morgan 0-0: Called Strike
0-1: Ball
1-1: Ground out 4-3 (Groundball, 34)
Top of the 8th over - 1 run(s), 1 hit(s), 0 error(s), 1 left on base; Grand Rapids 1 - Santa Clarita 1
BOTTOM OF THE 8TH
Santa Clarita Music batting - Pitching for Grand Rapids Dutch Ovens : RHP Jeffery Dillon
Now at 1B: Carlos Martínez
Batting: LHB Francisco Blanco 0-0: Ball
1-0: Ball
2-0: Ground out 4-3 (Groundball, 4D)
Batting: RHB Tony Collier 0-0: Called Strike
0-1: Ball
1-1: Ball
2-1: Ball
3-1: Fly out, F9 (Flyball, 9)
Batting: SHB Robbie Rhodes 0-0: Called Strike
0-1: Foul Ball, location: 2F
0-2: Ball
1-2: Foul Ball, location: 2F
1-2: Ball
2-2: Ball
3-2: Foul Ball, location: 2F
3-2: DOUBLE (Line Drive, 7)
Batting: RHB Juan Morales 0-0: Ball
1-0: Ball
2-0: SINGLE (Groundball, 4MD)
Robbie Rhodes to third
Runner from 3rd tries for Home, SAFE, throw made home
Juan Morales to second
Batting: RHB Justin Geoghegan 0-0: Called Strike
0-1: Foul Ball, location: 2F
0-2: Ball
1-2: Ball
2-2: Ball
3-2: Foul Ball, location: 2F
3-2: Base on Balls
Batting: LHB José Domínguez 0-0: Foul Ball, location: 2F
0-1: Ball
1-1: Ball
2-1: Foul Ball, location: 2F
2-2: Hit by Pitch
Juan Morales to third
Justin Geoghegan to second
Pitching: RHP Gustavo Cháves
Pinch Hitting: RHB Luis Suárez 0-0: Ball
1-0: Called Strike
1-1: Ball
2-1: Ground out 4-3 (Groundball, 4S)
Bottom of the 8th over - 1 run(s), 2 hit(s), 0 error(s), 3 left on base; Grand Rapids 1 - Santa Clarita 2
TOP OF THE 9TH
Grand Rapids Dutch Ovens batting - Pitching for Santa Clarita Music : RHP John Gill
Pitching: RHP Carlos Ortíz
Now in CF: Luis Suárez
Batting: SHB Víctor Torres 0-0: Foul Ball, location: 2F
0-1: Swinging Strike
0-2: Ball
1-2: Foul Ball, location: 2F
1-2: Ball
2-2: Foul Ball, location: 2F
2-2: Ball
3-2: Fly out, F5 (Popup, 5D)
Pinch Hitting: RHB Gary Wyatt 0-0: Called Strike
0-1: Ball
1-1: SINGLE (Line Drive, 34)
Pinch Hitting: RHB Alec Goodman 0-0: Called Strike
0-1: Ball
1-1: Ball
2-1: Called Strike
2-2: Strikes out swinging
Batting: RHB Ray Bray 0-0: Called Strike
0-1: Fielders Choice at 2nd, 5-4 (Groundball, 56)
Top of the 9th over - 0 run(s), 1 hit(s), 0 error(s), 0 left on base; Grand Rapids 1 - Santa Clarita 2
Thursday, March 30th, 2017 - OOTP Baseball 17.12 Build 75